General information
- name: BNet
- type: Ladder team game (AT/RT)
- host: Battle.net
- saver: HippoKinJake
map: TwilightRuins
- players: 8
- length: 42:09
- speed: Fast
- version: 1.26 W3XP
- replay type: Public
» download(258 KB)
Players
team 1 (loser)
Mattrix (
orange | 24 APM | 947 actions | 39:49)
7 Death Knight
3 Death Coil
3 Unholy Aura
1 Animate Dead
1 Archmage
1 Summon Water Elemental
1 Blood Mage
1 Flame Strike
» actions
| Assign group hotkey | 18 | |
| Basic commands | 2 | |
| Build / train | 63 | |
| Enter build submenu | 33 | |
| Enter hero's abilities submenu | 10 | |
| Remove unit from queue | 1 | |
| Right click | 479 | |
| Select / deselect | 250 | |
| Select group hotkey | 39 | |
| Use ability | 52 | |
947 total
» units
| Acolyte | 7 | |
| Ghoul | 3 | |
| Crypt Fiend | 10 | |
| Frost Wyrm | 9 | |
| Siege Engine | 8 | |
| Peasant | 2 | |
| Flying Machine | 1 | |
40 total
» upgrades
| Creature Carapace | 1 | |
| Web | 1 | |
| Freezing Breath | 1 | |
3 total
» buildings
| Ziggurat | 11 | |
| Crypt | 1 | |
| Altar of Darkness | 1 | |
| Graveyard | 2 | |
| Nerubian Tower | 2 | |
| Halls of the Dead | 1 | |
| Tomb of Relics | 1 | |
| Black Citadel | 1 | |
| Sacrificial Pit | 1 | |
| Boneyard | 2 | |
| Spirit Tower | 3 | |
| Workshop | 1 | |
| Scout Tower | 2 | |
| Guard Tower | 1 | |
30 total
» build order
00:14 Ziggurat
00:25 Crypt
00:39 Altar of Darkness
01:12 Graveyard
01:20 Graveyard
01:59 Ziggurat
02:06 Nerubian Tower
02:46 Halls of the Dead
04:05 Ziggurat
04:11 Tomb of Relics
05:11 Black Citadel
05:49 Sacrificial Pit
07:43 Boneyard
07:52 Ziggurat
09:46 Ziggurat
10:44 Boneyard
13:11 Ziggurat
13:15 Ziggurat
16:27 Ziggurat
16:30 Ziggurat
18:25 Nerubian Tower
19:23 Spirit Tower
21:20 Spirit Tower
23:04 Spirit Tower
24:35 Ziggurat
24:37 Ziggurat
27:09 Workshop
37:48 Scout Tower
38:20 Scout Tower
38:23 Guard Tower
» items
| Potion of Lesser Invulnerability | 1 | |
| Potion of Healing | 1 | |
2 total
o0o (
teal | 45 APM | 972 actions | 21:24)
3 Mountain King
1 Storm Bolt
1 Thunder Clap
1 Bash
» actions
| Assign group hotkey | 22 | |
| Basic commands | 14 | |
| Build / train | 83 | |
| ESC pressed | 1 | |
| Enter build submenu | 36 | |
| Enter hero's abilities submenu | 3 | |
| Give item / drop item | 2 | |
| Right click | 293 | |
| Select / deselect | 236 | |
| Select group hotkey | 194 | |
| Use ability | 88 | |
972 total
» units
| Peasant | 25 | |
| Footman | 3 | |
| Rifleman | 18 | |
| Goblin Shredder | 4 | |
| Siege Engine | 2 | |
52 total
» upgrades
| Defend | 1 | |
| Gunpowder | 3 | |
| Plating | 2 | |
| Long Rifles | 1 | |
| Lumber Harvesting | 1 | |
| Barrage | 1 | |
9 total
» buildings
| Altar of Kings | 1 | |
| Farm | 15 | |
| Barracks | 1 | |
| Lumber Mill | 1 | |
| Scout Tower | 9 | |
| Blacksmith | 1 | |
| Guard Tower | 9 | |
| Arcane Vault | 1 | |
| Town Hall | 5 | |
| Keep | 1 | |
| Castle | 1 | |
| Workshop | 2 | |
47 total
» build order
00:09 Altar of Kings
00:40 Farm
01:34 Farm
02:24 Farm
02:31 Barracks
02:41 Lumber Mill
03:05 Farm
03:42 Scout Tower
03:48 Farm
03:59 Blacksmith
04:11 Scout Tower
04:12 Guard Tower
04:17 Arcane Vault
04:30 Farm
04:43 Guard Tower
04:50 Scout Tower
05:16 Farm
05:42 Guard Tower
05:43 Guard Tower
06:07 Farm
06:50 Town Hall
07:05 Farm
07:49 Farm
09:10 Keep
09:26 Farm
09:35 Scout Tower
10:08 Scout Tower
10:09 Guard Tower
10:50 Scout Tower
10:52 Guard Tower
10:57 Farm
12:07 Castle
12:14 Town Hall
12:24 Farm
12:37 Workshop
12:43 Workshop
13:04 Farm
13:36 Town Hall
13:42 Scout Tower
14:16 Farm
14:28 Town Hall
14:38 Guard Tower
14:41 Scout Tower
15:13 Guard Tower
15:28 Town Hall
15:33 Scout Tower
16:05 Guard Tower
» items
| Scroll of Regeneration | 3 | |
| Potion of Healing | 2 | |
| Dust of Appearance | 2 | |
7 total

»
toriblack (
yellow | 117 APM | 4150 actions | 35:26)
8 Blademaster
3 Wind Walk
3 Critical Strike
1 Bladestorm
1 Mirror Image
4 Tauren Chieftain
2 Endurance Aura
2 Shockwave
4 Shadow Hunter
2 Healing Wave
2 Hex
» actions
| Assign group hotkey | 61 | |
| Basic commands | 453 | |
| Build / train | 189 | |
| ESC pressed | 4 | |
| Enter build submenu | 12 | |
| Enter hero's abilities submenu | 17 | |
| Give item / drop item | 6 | |
| Right click | 1056 | |
| Select / deselect | 317 | |
| Select group hotkey | 1623 | |
| Use ability | 412 | |
4150 total
» units
| Peon | 27 | |
| Wind Rider | 19 | |
| Troll Batrider | 50 | |
96 total
» upgrades
» buildings
| Altar of Storms | 1 | |
| Orc Burrow | 9 | |
| Voodoo Lounge | 1 | |
| Stronghold | 4 | |
| War Mill | 1 | |
| Beastiary | 2 | |
| Fortress | 4 | |
22 total
» build order
00:08 Altar of Storms
00:13 Orc Burrow
01:04 Voodoo Lounge
02:13 Stronghold
02:13 Stronghold
02:13 Stronghold
02:24 Orc Burrow
02:31 War Mill
03:33 Orc Burrow
04:52 Beastiary
04:55 Beastiary
05:13 Fortress
05:13 Fortress
05:14 Fortress
08:39 Orc Burrow
09:30 Orc Burrow
16:23 Orc Burrow
16:25 Orc Burrow
16:27 Orc Burrow
16:28 Orc Burrow
» items
| Lesser Clarity Potion | 2 | |
| Scroll of Speed | 1 | |
| Boots of Speed | 1 | |
| Staff of Teleportation | 1 | |
| Dust of Appearance | 5 | |
| Healing Salve | 6 | |
| Tiny Great Hall | 4 | |
| Orb of Lightning | 4 | |
| Scroll of Town Portal | 4 | |
| Staff of Sanctuary | 1 | |
| Potion of Healing | 1 | |
30 total
ANIMALHUMPER (
blue | 52 APM | 2205 actions | 42:07)
6 Blademaster
3 Wind Walk
2 Critical Strike
1 Bladestorm
1 Blood Mage
1 Banish
» actions
| Assign group hotkey | 22 | |
| Basic commands | 79 | |
| Build / train | 72 | |
| Enter build submenu | 27 | |
| Enter hero's abilities submenu | 7 | |
| Give item / drop item | 7 | |
| Right click | 845 | |
| Select / deselect | 340 | |
| Select group hotkey | 656 | |
| Use ability | 150 | |
2205 total
» units
| Peon | 9 | |
| Goblin Shredder | 2 | |
| Wind Rider | 5 | |
| Goblin Sapper | 20 | |
| Raider | 2 | |
38 total
» upgrades
| Reinforced Defenses | 1 | |
| Envenomed Spears | 1 | |
| Ranged Weapons | 2 | |
| Armor | 2 | |
| Liquid Fire | 1 | |
7 total
» buildings
| Altar of Storms | 1 | |
| Orc Burrow | 7 | |
| Voodoo Lounge | 1 | |
| Stronghold | 1 | |
| War Mill | 1 | |
| Great Hall | 1 | |
| Fortress | 1 | |
| Watch Tower | 39 | |
| Beastiary | 4 | |
56 total
» build order
00:06 Altar of Storms
00:21 Orc Burrow
00:51 Voodoo Lounge
02:10 Stronghold
02:46 Orc Burrow
02:50 War Mill
03:13 Orc Burrow
03:49 Great Hall
04:24 Orc Burrow
05:16 Fortress
05:53 Watch Tower
05:55 Watch Tower
06:02 Watch Tower
06:03 Watch Tower
06:34 Watch Tower
06:48 Beastiary
06:58 Beastiary
08:05 Beastiary
09:37 Watch Tower
09:38 Watch Tower
09:39 Watch Tower
09:39 Watch Tower
09:43 Watch Tower
09:46 Watch Tower
10:57 Watch Tower
10:57 Watch Tower
10:58 Watch Tower
10:58 Watch Tower
11:00 Watch Tower
11:01 Watch Tower
12:25 Watch Tower
12:27 Watch Tower
15:39 Orc Burrow
15:40 Orc Burrow
15:44 Orc Burrow
16:28 Beastiary
16:54 Watch Tower
16:55 Watch Tower
16:55 Watch Tower
16:55 Watch Tower
16:56 Watch Tower
20:48 Watch Tower
20:48 Watch Tower
20:49 Watch Tower
20:49 Watch Tower
20:49 Watch Tower
20:51 Watch Tower
20:51 Watch Tower
20:52 Watch Tower
20:52 Watch Tower
20:52 Watch Tower
24:45 Watch Tower
24:45 Watch Tower
24:46 Watch Tower
24:46 Watch Tower
25:05 Watch Tower
» items
| Healing Salve | 3 | |
| Lesser Clarity Potion | 2 | |
| Staff of Teleportation | 1 | |
| Orb of Lightning | 1 | |
| Scroll of Town Portal | 3 | |
| Tiny Great Hall | 1 | |
| Boots of Speed | 1 | |
12 total
team 2 (winner)

»
00moonn (
purple | 35 APM | 993 actions | 28:16)
4 Beastmaster
2 Summon Bear
1 Summon Hawk
1 Summon Quilbeast
» actions
| Basic commands | 3 | |
| Build / train | 70 | |
| Enter build submenu | 24 | |
| Enter hero's abilities submenu | 4 | |
| Remove unit from queue | 4 | |
| Right click | 543 | |
| Select / deselect | 309 | |
| Use ability | 36 | |
993 total
» units
| Wisp | 14 | |
| Huntress | 3 | |
| Hippogryph | 16 | |
| Chimaera | 12 | |
| Goblin Shredder | 1 | |
46 total
» upgrades
| Strength of the Wild | 3 | |
| Reinforced Hides | 3 | |
| Corrosive Breath | 1 | |
| Well Spring | 1 | |
| Ultravision | 1 | |
9 total
» buildings
| Moon Well | 7 | |
| Hunter's Hall | 1 | |
| Tree of Ages | 1 | |
| Ancient of War | 1 | |
| Altar of Elders | 1 | |
| Tree of Eternity | 1 | |
| Ancient of Wind | 1 | |
| Tree of Life | 1 | |
| Chimaera Roost | 2 | |
| Ancient Protector | 6 | |
22 total
» build order
00:15 Moon Well
00:56 Hunter's Hall
02:04 Tree of Ages
02:16 Ancient of War
03:27 Altar of Elders
04:07 Moon Well
04:32 Tree of Eternity
07:03 Ancient of Wind
07:16 Tree of Life
07:31 Moon Well
08:21 Chimaera Roost
08:37 Moon Well
09:44 Chimaera Roost
12:13 Moon Well
13:13 Moon Well
16:57 Moon Well
18:24 Ancient Protector
18:26 Ancient Protector
18:35 Ancient Protector
18:38 Ancient Protector
18:43 Ancient Protector
21:13 Ancient Protector
» items
| Scroll of Town Portal | 2 | |
| Orb of Lightning | 1 | |
| Healing Salve | 1 | |
4 total

»
BooOOooOO (
green | 47 APM | 1291 actions | 27:28)
5 Dark Ranger
3 Life Drain
1 Black Arrow
1 Silence
2 Priestess of the Moon
1 Trueshot Aura
1 Searing Arrows
1 Keeper of the Grove
1 Entangling Roots
» actions
| Assign group hotkey | 12 | |
| Basic commands | 128 | |
| Build / train | 83 | |
| ESC pressed | 1 | |
| Enter build submenu | 23 | |
| Enter hero's abilities submenu | 8 | |
| Give item / drop item | 5 | |
| Remove unit from queue | 1 | |
| Right click | 435 | |
| Select / deselect | 477 | |
| Select group hotkey | 37 | |
| Use ability | 81 | |
1291 total
» units
| Wisp | 20 | |
| Archer | 12 | |
| Hippogryph | 13 | |
| Goblin Shredder | 1 | |
| Goblin Sapper | 3 | |
| Chimaera | 4 | |
| Faerie Dragon | 2 | |
55 total
» upgrades
| Strength of the Moon | 1 | |
| Hippogryph Taming | 1 | |
| Strength of the Wild | 2 | |
| Reinforced Hides | 2 | |
| Moon Armor | 1 | |
7 total
» buildings
| Ancient of War | 1 | |
| Moon Well | 8 | |
| Altar of Elders | 2 | |
| Ancient of Wonders | 1 | |
| Tree of Ages | 1 | |
| Tree of Life | 1 | |
| Hunter's Hall | 1 | |
| Ancient Protector | 3 | |
| Ancient of Wind | 2 | |
| Tree of Eternity | 1 | |
| Chimaera Roost | 2 | |
23 total
» build order
00:13 Ancient of War
00:32 Moon Well
00:52 Altar of Elders
01:06 Altar of Elders
02:05 Moon Well
02:31 Moon Well
02:45 Ancient of Wonders
03:50 Moon Well
05:15 Tree of Ages
05:27 Tree of Life
06:10 Hunter's Hall
06:18 Moon Well
07:20 Ancient Protector
07:23 Ancient Protector
07:26 Ancient Protector
08:39 Ancient of Wind
08:44 Ancient of Wind
11:28 Tree of Eternity
11:56 Moon Well
13:52 Chimaera Roost
13:55 Chimaera Roost
13:57 Moon Well
18:02 Moon Well
» items
| Scroll of Town Portal | 3 | |
| Potion of Healing | 2 | |
| Scroll of Protection | 1 | |
| Scroll of Healing | 1 | |
7 total
HippoKinJake (
red | 48 APM | 2030 actions | 42:09)
10 Blademaster
3 Wind Walk
3 Critical Strike
1 Bladestorm
3 Mirror Image
» actions
| Assign group hotkey | 47 | |
| Basic commands | 77 | |
| Build / train | 93 | |
| Enter build submenu | 50 | |
| Enter hero's abilities submenu | 10 | |
| Give item / drop item | 1 | |
| Remove unit from queue | 1 | |
| Right click | 945 | |
| Select / deselect | 396 | |
| Select group hotkey | 192 | |
| Use ability | 218 | |
2030 total
» units
| Peon | 13 | |
| Grunt | 8 | |
| Goblin Shredder | 1 | |
| Goblin Sapper | 2 | |
| Troll Batrider | 9 | |
| Wind Rider | 3 | |
| Goblin Zeppelin | 2 | |
38 total
» upgrades
| Reinforced Defenses | 1 | |
| Ranged Weapons | 3 | |
| Armor | 3 | |
| Troll Regeneration | 1 | |
| Liquid Fire | 1 | |
| Berserker Strength | 1 | |
| Envenomed Spears | 1 | |
11 total
» buildings
| Orc Burrow | 8 | |
| Altar of Storms | 1 | |
| Barracks | 1 | |
| Voodoo Lounge | 3 | |
| War Mill | 2 | |
| Watch Tower | 28 | |
| Stronghold | 1 | |
| Great Hall | 4 | |
| Fortress | 1 | |
| Beastiary | 4 | |
53 total
» build order
00:13 Orc Burrow
00:58 Altar of Storms
00:59 Barracks
01:07 Orc Burrow
01:40 Voodoo Lounge
02:22 War Mill
03:40 Watch Tower
03:44 Watch Tower
04:12 Watch Tower
04:28 Orc Burrow
05:29 Stronghold
05:58 Great Hall
06:43 Watch Tower
06:44 Watch Tower
06:44 Watch Tower
06:45 Watch Tower
07:10 Watch Tower
07:15 Watch Tower
08:02 Fortress
08:05 Watch Tower
08:06 Watch Tower
09:31 Orc Burrow
12:36 Beastiary
12:37 Beastiary
12:40 Beastiary
12:43 Beastiary
13:07 Watch Tower
13:09 Watch Tower
13:09 Watch Tower
13:10 Watch Tower
13:11 Watch Tower
13:12 Watch Tower
13:14 Watch Tower
13:16 Watch Tower
14:28 Voodoo Lounge
14:31 Voodoo Lounge
18:00 War Mill
22:55 Orc Burrow
22:58 Orc Burrow
23:11 Orc Burrow
24:48 Great Hall
24:50 Watch Tower
29:08 Orc Burrow
29:11 Great Hall
29:14 Watch Tower
29:14 Watch Tower
29:15 Watch Tower
29:16 Watch Tower
37:23 Great Hall
38:22 Watch Tower
38:23 Watch Tower
39:23 Watch Tower
» items
| Healing Salve | 4 | |
| Scroll of Town Portal | 11 | |
| Orb of Lightning | 1 | |
| Anti-magic Potion | 1 | |
| Potion of Healing | 5 | |
| Potion of Mana | 3 | |
| Potion of Lesser Invulnerability | 1 | |
| Staff of Teleportation | 1 | |
| Lesser Clarity Potion | 1 | |
| Periapt of Vitality | 1 | |
29 total
JakeTookFOREVER (
pink | 92 APM | 3880 actions | 42:08)
10 Blademaster
3 Wind Walk
3 Critical Strike
1 Bladestorm
3 Mirror Image
» actions
| Assign group hotkey | 118 | |
| Basic commands | 111 | |
| Build / train | 143 | |
| ESC pressed | 5 | |
| Enter build submenu | 44 | |
| Enter hero's abilities submenu | 10 | |
| Give item / drop item | 20 | |
| Right click | 1765 | |
| Select / deselect | 345 | |
| Select group hotkey | 1030 | |
| Use ability | 288 | |
3880 total
» units
| Peon | 13 | |
| Grunt | 7 | |
| Goblin Shredder | 2 | |
| Wind Rider | 13 | |
| Demolisher | 1 | |
| Kodo Beast | 1 | |
| Raider | 4 | |
41 total
» upgrades
| Berserker Strength | 1 | |
| Armor | 4 | |
| Pillage | 1 | |
| Reinforced Defenses | 1 | |
| Envenomed Spears | 1 | |
| Troll Regeneration | 1 | |
| Ranged Weapons | 3 | |
| Berserker Upgrade | 1 | |
| Liquid Fire | 1 | |
| Spiked Barricades | 3 | |
| Melee Weapons | 3 | |
| Ensnare | 1 | |
21 total
» buildings
| Orc Burrow | 6 | |
| Altar of Storms | 1 | |
| Barracks | 1 | |
| Voodoo Lounge | 1 | |
| War Mill | 1 | |
| Stronghold | 5 | |
| Great Hall | 3 | |
| Fortress | 3 | |
| Watch Tower | 28 | |
| Beastiary | 3 | |
52 total
» build order
00:07 Orc Burrow
01:20 Altar of Storms
01:22 Barracks
01:25 Orc Burrow
01:45 Voodoo Lounge
02:37 Orc Burrow
03:21 War Mill
04:56 Stronghold
04:57 Stronghold
04:57 Stronghold
06:53 Great Hall
07:26 Fortress
07:26 Fortress
08:40 Watch Tower
08:42 Watch Tower
09:31 Watch Tower
09:34 Watch Tower
11:02 Watch Tower
11:02 Watch Tower
11:03 Watch Tower
11:04 Watch Tower
11:05 Watch Tower
11:51 Beastiary
11:52 Beastiary
11:53 Beastiary
11:57 Watch Tower
11:58 Watch Tower
13:50 Watch Tower
13:51 Watch Tower
13:53 Watch Tower
18:15 Watch Tower
18:16 Watch Tower
22:05 Orc Burrow
22:06 Orc Burrow
22:10 Orc Burrow
28:09 Great Hall
29:11 Watch Tower
29:12 Watch Tower
29:14 Watch Tower
29:15 Watch Tower
29:23 Great Hall
31:36 Watch Tower
31:37 Watch Tower
32:38 Watch Tower
32:39 Watch Tower
32:40 Watch Tower
32:43 Watch Tower
33:05 Watch Tower
34:18 Watch Tower
» items
| Healing Salve | 10 | |
| Periapt of Vitality | 1 | |
| Boots of Speed | 1 | |
| Staff of Teleportation | 1 | |
| Lesser Clarity Potion | 2 | |
| Orb of Lightning | 1 | |
| Scroll of Town Portal | 1 | |
| Pendant of Energy | 1 | |
| Replenishment Potion | 1 | |
| Mana Stone | 2 | |
| Scroll of Healing | 3 | |
| Potion of Greater Healing | 1 | |
| Potion of Greater Mana | 1 | |
| Claws of Attack +9 | 1 | |
| Ring of Regeneration | 1 | |
| Scroll of Protection | 1 | |
29 total
Chat log
(01:30 / Allies) HippoKinJake: I take
(01:36 / Allies) JakeTookFOREVER: oh
(01:38 / Allies) JakeTookFOREVER: you're on my team
(01:39 / Allies) JakeTookFOREVER: nvm
(01:50 / Allies) 00moonn: check for tower
(05:07 / Allies) HippoKinJake: rod go to
(05:09 / Allies) HippoKinJake: other one
(05:20 / Allies) JakeTookFOREVER: why not creep tpogether
(05:24 / Allies) HippoKinJake: no need
(09:04 / Allies) 00moonn: wood pls
(09:13 / Allies) JakeTookFOREVER: why are you always trying to creep with me purple
(09:15 / Allies) JakeTookFOREVER: I don't need or want your help
(09:19 / Allies) JakeTookFOREVER: and I sure don't want to give you wood
(09:38 / Allies) 00moonn: u want to lose then sure dont give me
(09:49 / Allies) JakeTookFOREVER: I don't need you
(09:51 / Allies) JakeTookFOREVER: kill yourself
(12:09 / All) HippoKinJake: lol
(12:54 / All) HippoKinJake: teal you absolutely suck
(14:01 / All) HippoKinJake: lol
(14:35 / Allies) 00moonn: rd wood pls
(14:46 / Allies) JakeTookFOREVER: don't wood him
(14:46 / Allies) JakeTookFOREVER: at all
(14:58 / All) HippoKinJake: teal you;re a jabroni
(15:00 / All) HippoKinJake: even worse than yellow
(15:02 / Allies) 00moonn: whore
(15:22 / All) HippoKinJake: lol
(15:36 / All) HippoKinJake: move tree
(15:42 / Allies) HippoKinJake: move war
(15:44 / Allies) HippoKinJake: purple
(15:46 / Allies) JakeTookFOREVER: not sure if that retard noob realises he can
(15:49 / Allies) HippoKinJake: danke
(16:23 / Allies) BooOOooOO: if red tp to me one more time
(16:26 / Allies) BooOOooOO: he will die
(16:37 / Allies) HippoKinJake: lo
(16:44 / All) HippoKinJake: lol
(16:54 / All) JakeTookFOREVER: teal is a good player lol
(17:03 / Allies) HippoKinJake: tp out
(17:03 / All) ANIMALHUMPER: leave him alone
(17:04 / Allies) HippoKinJake: purpl
(17:38 / All) JakeTookFOREVER: LOL
(17:42 / All) JakeTookFOREVER: thought you'd get it
(17:44 / All) JakeTookFOREVER: BUT YOU DIDN'T
(17:45 / All) JakeTookFOREVER: HAHAHA
(17:48 / All) HippoKinJake: I tped lawl
(18:06 / Allies) HippoKinJake: where is yellows birds
(18:16 / Allies) HippoKinJake: gonna bat him
(18:25 / Allies) JakeTookFOREVER: wyrms nearby
(18:28 / Allies) JakeTookFOREVER: and fiends
(18:28 / All) ANIMALHUMPER: this game is retarded i have been pinging greens expo all game
(18:29 / Allies) JakeTookFOREVER: yellow here
(18:33 / All) ANIMALHUMPER: they just dont want to go there
(18:34 / Allies) JakeTookFOREVER: here
(18:37 / All) ANIMALHUMPER: team i mean
(18:55 / All) JakeTookFOREVER: looool
(19:03 / All) ANIMALHUMPER: green is 1v3ing my team
(19:05 / All) JakeTookFOREVER: lmfao yellow
(19:10 / All) ANIMALHUMPER: oj is doing nothing yellow runs
(19:47 / All) HippoKinJake: lol
(19:54 / All) JakeTookFOREVER: yellow is a good player
(20:15 / All) HippoKinJake: lol
(20:31 / All) HippoKinJake: lol nice coil
(20:32 / All) HippoKinJake: LOl
(20:59 / All) HippoKinJake: why are you attacking me green
(21:01 / All) JakeTookFOREVER: teal has level 1 bolt, level 1 stomp level 1 bash lawl
(21:14 / All) HippoKinJake: your moonwells regenerate retard
(21:38 / All) HippoKinJake: wtf LOL
(21:44 / Allies) HippoKinJake: help me rod green is tking me
(21:47 / Allies) JakeTookFOREVER: what
(21:48 / Allies) JakeTookFOREVER: lmao
(21:49 / Allies) JakeTookFOREVER: why
(21:53 / Allies) HippoKinJake: dunno
(22:02 / Allies) JakeTookFOREVER: hahahaha
(22:15 / Allies) HippoKinJake: wtf is your problem LOL
(22:29 / All) HippoKinJake: jealous of my war3 prowess?
(22:37 / Allies) JakeTookFOREVER: forgot noob elf hipporiders can dismount
(22:40 / Allies) HippoKinJake: gold me rods
(23:08 / Allies) HippoKinJake: he might be mad I was using his moonwells while he sat in his base doing nothing
(23:19 / Allies) JakeTookFOREVER: not sure this elf can type
(23:35 / All) HippoKinJake: thanks pals
(24:03 / Allies) JakeTookFOREVER: lol
(24:08 / All) HippoKinJake: time to die green
(24:19 / Allies) BooOOooOO: 2 fake player
(24:51 / Allies) JakeTookFOREVER: lol
(24:57 / All) HippoKinJake: your tur nis next yellow
(24:59 / All) HippoKinJake: fucking pussy
(25:15 / Allies) BooOOooOO: kpurple
(25:18 / Allies) BooOOooOO: make up your mind
(25:23 / Allies) BooOOooOO: and act
(25:29 / Allies) BooOOooOO: check pink'sgold
(25:30 / All) 00moonn: u guys retarf
(25:31 / Allies) HippoKinJake: green you attacked me for no reason pussy
(25:31 / Allies) BooOOooOO: and red;s
(25:33 / Allies) 00moonn: retard
(25:35 / Allies) BooOOooOO: they are not playing
(25:39 / Allies) JakeTookFOREVER: \hahahaha
(25:41 / Allies) HippoKinJake: LOL
(25:43 / Allies) JakeTookFOREVER: we did more than you all game scrub
(25:44 / Allies) HippoKinJake: what did you do retard
(25:53 / Allies) HippoKinJake: had to kill my bats
(25:54 / Allies) BooOOooOO: u are fakers
(25:59 / Allies) BooOOooOO: and i think u are bots
(26:02 / Allies) BooOOooOO: of them
(26:03 / Allies) JakeTookFOREVER: LOL
(26:05 / Allies) HippoKinJake: lol
(26:08 / Allies) JakeTookFOREVER: noob elf bot thinks we're bots
(26:11 / Allies) HippoKinJake: yeah really advanced AI
(26:16 / Allies) HippoKinJake: my CPU is a neuronet processor
(26:26 / Allies) BooOOooOO: hacks
(26:28 / All) HippoKinJake: YOUR NEXT YELLOW
(26:29 / All) HippoKinJake: BITCH
(26:31 / Allies) BooOOooOO: bots
(26:39 / Allies) JakeTookFOREVER: got sh
(26:43 / All) HippoKinJake: punk ass bitch
(28:24 / All) HippoKinJake: you're daed you fucking punk
(28:55 / Allies) JakeTookFOREVER: reveal
(29:36 / Allies) JakeTookFOREVER: wow
(29:40 / Allies) JakeTookFOREVER: 10 hp bm
(29:43 / Allies) HippoKinJake: where
(29:46 / Allies) HippoKinJake: is he now
(29:48 / Allies) JakeTookFOREVER: his base
(30:42 / Allies) JakeTookFOREVER: he's coming to me
(30:42 / Allies) JakeTookFOREVER: come
(30:46 / All) HippoKinJake: hex lucky faggot
(31:01 / All) HippoKinJake: You would have been raped hard if not for treacherous green
(31:08 / All) HippoKinJake: you were getting yoru shit pushed in pussies
(31:09 / All) JakeTookFOREVER: He is being raped hard
(31:14 / All) JakeTookFOREVER: he's just struggling right now
(31:16 / Allies) HippoKinJake: gold
(31:18 / All) JakeTookFOREVER: struggling to accept his raping
(31:20 / Allies) JakeTookFOREVER: got 500
(31:37 / Allies) HippoKinJake: put on gold mine
(31:45 / Allies) JakeTookFOREVER: oh shit lawl
(31:46 / Allies) JakeTookFOREVER: ty
(32:32 / All) HippoKinJake: I was raping hardcore this game till green had to spoil the fun'
(32:40 / All) ANIMALHUMPER: what did green do
(32:52 / All) JakeTookFOREVER: tk
(32:52 / All) HippoKinJake: tried tking me
(32:53 / All) JakeTookFOREVER: for no reason
(32:57 / All) HippoKinJake: now I'm out of ogld
(33:08 / All) HippoKinJake: can't even use the moonwells because of faggot's tanks
(34:28 / All) HippoKinJake: I guess he tked because I had a lot of gold ... not sure LOL
(34:32 / Allies) JakeTookFOREVER: 6 wyrms
(34:33 / Allies) JakeTookFOREVER: and a dk
(34:35 / All) HippoKinJake: I was using his moonwells a lot
(34:41 / All) HippoKinJake: fucking single child syndrome I think
(35:01 / All) JakeTookFOREVER: fuck used my mana stone by mistake
(35:26 / All) JakeTookFOREVER: The only thing better than me or Bob with bm is both of us with bm on one team lawl
(35:30 / All) ANIMALHUMPER: not a coinedence he leaves now
(36:27 / All) Mattrix: gg
(36:29 / All) HippoKinJake: nice flamestrike
(36:30 / All) JakeTookFOREVER: out
(36:32 / All) ANIMALHUMPER: lal
(36:37 / All) Mattrix: haha yeah teal sucked
(36:42 / All) JakeTookFOREVER: you sucked
(36:48 / All) JakeTookFOREVER: that's why you lose
(36:50 / All) ANIMALHUMPER: wut a complete idiotic team. nobody said one word
(36:54 / All) HippoKinJake: green robbed me of the chance to rape yellow
(36:57 / All) HippoKinJake: shit sux man
(36:57 / All) JakeTookFOREVER: now out orange
(37:20 / Allies) JakeTookFOREVER: share control for reveal
(37:25 / Allies) JakeTookFOREVER: for jake bm
(37:25 / All) HippoKinJake: holy shit
(37:28 / All) HippoKinJake: my bm almost died
(37:29 / Allies) JakeTookFOREVER: share control
(37:33 / Allies) JakeTookFOREVER: for jake bm
(37:33 / All) HippoKinJake: from fucking multiple crit strikes
(37:39 / Allies) JakeTookFOREVER: reveal
(37:41 / Allies) JakeTookFOREVER: or share control
(37:51 / Allies) JakeTookFOREVER: lawl didn't need it because he revealed for some reason
(37:55 / All) HippoKinJake: if I didn't have invul pot on me
(37:59 / All) HippoKinJake: I would have died to quarter health bm
(38:00 / All) HippoKinJake: LOL
(38:05 / All) HippoKinJake: I had more health I think
(38:10 / All) HippoKinJake: didn't pay too much intention initially
(38:18 / All) HippoKinJake: I think he landed like 2 or 3 crits in a row
(38:25 / All) ANIMALHUMPER: this game was funny u guys were raping my team all game
(38:30 / All) HippoKinJake: he had his bm where I was atrying to expo twice
(38:31 / All) ANIMALHUMPER: we didnt even reveal ur bases
(38:52 / All) JakeTookFOREVER: naughty orange trying to control teal
(39:02 / All) Mattrix: haha busted
(39:54 / All) JakeTookFOREVER: who loses? I say green
(40:00 / All) JakeTookFOREVER: but jake ahs 3 legit
(40:25 / All) JakeTookFOREVER: you both alt tabbed?
(40:33 / All) ANIMALHUMPER: they were awful tho
(40:44 / All) HippoKinJake: green 18-16 lol
(41:16 / All) JakeTookFOREVER: I don't care who wins or loses really
(41:28 / All) HippoKinJake: yellow lose
(41:42 / All) ANIMALHUMPER: elt me kill ur bm with raiders real quick
(41:56 / All) HippoKinJake: you can try
(42:05 / All) ANIMALHUMPER: it ired